 Dungeon Crawl Stone Soup version 0.24.0-1-gfbc8707122 (webtiles) character file.

Game seed: 2046271350545477178, levelgen mode: deterministic

147 Mrkan the Shield-Bearer (level 5, -6/33 HPs)
             Began as a Gargoyle Fighter on Oct 25, 2019.
             Was an Initiate of Gozag.
             Mangled by a gnoll
             ... wielding a +0 halberd
              (10 damage)
             ... on level 3 of the Dungeon.
             The game lasted 00:03:40 (1902 turns).

Mrkan the Shield-Bearer (Gargoyle Fighter)          Turns: 1902, Time: 00:03:41

Health: -6/33      AC: 13    Str: 26    XL:     5   Next: 29%
Magic:  5/5        EV:  6    Int:  8    God:    Gozag
Gold:   256        SH: 10    Dex:  9    Spells: 4/4 levels left

rFire    . . .     SeeInvis .   a - +0 flail
rCold    . . .     Gourm    .   c - +0 shield
rNeg     + . .     Faith    .   o - +0 chain mail
rPois    ∞         Spirit   .   (no helmet)
rElec    +         Reflect  .   (no cloak)
rCorr    .         Harm     .   (no gloves)
MR       .....                  (no boots)
Stlth    ..........             (no amulet)
HPRegen  0.11/turn              (no ring)
MPRegen  0.09/turn              (no ring)

@: mighty
A: negative energy resistance 1, electricity resistance, unbreathing,
petrification resistance, rot immunity, AC +4
a: Potion Petition, Call Merchant, Bribe Branch, Renounce Religion


You were on level 3 of the Dungeon.
You worshipped Gozag.
Gozag was aware of your devotion.
You were not hungry.

You visited 1 branch of the dungeon, and saw 3 of its levels.

You collected 288 gold pieces.
You paid 32 gold pieces to Gozag.

Inventory:

Hand Weapons
 a - a +0 flail (weapon)
Armour
 c - a +0 shield (worn)
 o - a +0 chain mail (worn)
Jewellery
 h - an uncursed amulet of guardian spirit {unknown}
Scrolls
 b - a scroll of blinking {unknown}
 e - a scroll of immolation {unknown}
 g - a scroll of remove curse
 i - a scroll of enchant weapon {unknown}
 j - a scroll of amnesia {unknown}
 n - 2 scrolls of teleportation {unknown}
Potions
 k - a potion of flight {unknown}
 l - a potion of brilliance {unknown}
 m - 2 potions of curing {unknown}
Comestibles
 f - 5 rations


   Skills:
 + Level 4.2 Fighting
 * Level 4.0 Maces & Flails
 - Level 3.2 Armour
 + Level 4.2 Shields


You had 4 spell levels left.
You didn't know any spells.
Your spell library was empty.

Dungeon Overview and Level Annotations

Branches:
Dungeon (3/15)

Altars:
Gozag
Uskayaw

Annotations:
D:3 3 runed translucent doors, Cykl0x's ghost, amateur FoFi; Gildeon's ghost, amateur OpFi; Mrkan's ghost, weakling MiMo; peeb's ghost, amateur GnTm


Innate Abilities, Weirdness & Mutations

You are resistant to torment.
Your stone body is resilient. (AC +4)
You are immune to poison.
You resist negative energy. (rN+)
You are resistant to electric shocks. (rElec)
You can survive without breathing.
You are immune to petrification.
You are immune to rotting.


Message History

You feel very mighty all of a sudden.
The gnoll hits you from afar with a cursed -3 halberd.
* * * LOW HITPOINT WARNING * * *
The gnoll hits you but does no damage. The gnoll barely misses you.
You closely miss the gnoll.
The gnoll is severely wounded.
The gnoll hits you but does no damage.
The gnoll hits you from afar with a +0 halberd.
* * * LOW HITPOINT WARNING * * *
You sock the gnoll!
You kill the gnoll!
The gnoll hits you from afar with a +0 halberd.
* * * LOW HITPOINT WARNING * * *
You block the gnoll's attack.
Things that are here:
6 gold pieces; a cursed -3 halberd Your shield prevents you from hitting the gnoll.
The gnoll hits you with a +0 halberd!
You die...
Your body crumbles into a pile of gold.

#.# #.#(#.#####
#...... #.#
#.#.#<....#
#######
#.###.#.#####.###
#.....#.#.......#
#######.#.###.#.#
#.#.###.#.#
..#.....#.#
###########...#
#...$g@...#.###
##.######.#.# #
#...# #####


You could see a gnoll.

Vanquished Creatures
  Jessica (D:3)
  2 gnolls (D:3)
  4 adders
  An ooze (D:1)
  A worm (D:2)
  5 dart slugs
  An orc (D:3)
  A giant cockroach (D:1)
  6 goblins
  8 hobgoblins
  2 jackals (D:3)
  6 bats
  3 frilled lizards
  6 kobolds (D:2)
  4 rats (D:1)
51 creatures vanquished.

Vanquished Creatures (others)
  A frilled lizard (D:1)
  A withered plant (D:3)
2 creatures vanquished.

Grand Total: 53 creatures vanquished

Notes
Turn   | Place    | Note
-------+----------+-------------------------------------------
     0 | D:1      | Mrkan the Gargoyle Fighter began the quest for the Orb.
     0 | D:1      | Reached XP level 1. HP: 14/14 MP: 1/1
   161 | D:1      | Reached XP level 2. HP: 19/19 MP: 2/2
   393 | D:1      | Reached XP level 3. HP: 19/23 MP: 3/3
  1018 | D:2      | Found an opulent altar of Gozag.
  1040 | D:2      | Became a worshipper of Gozag Ym Sagoz the Greedy
  1406 | D:3      | Reached XP level 4. HP: 29/29 MP: 4/4
  1557 | D:3      | Found a runed translucent gate.
  1557 | D:3      | Found a runed translucent gate.
  1557 | D:3      | Found a runed translucent gate.
  1557 | D:3      | Noticed Mrkan's ghost (weakling MiMo)
  1557 | D:3      | Noticed peeb's ghost (amateur GnTm)
  1558 | D:3      | Noticed Gildeon's ghost (amateur OpFi)
  1558 | D:3      | Noticed Cykl0x's ghost (amateur FoFi)
  1587 | D:3      | Noticed a +0 dagger
  1588 | D:3      | Noticed a +0 hand axe
  1590 | D:3      | Found a hide-covered altar of Uskayaw.
  1707 | D:3      | Noticed Jessica
  1725 | D:3      | Killed Jessica
  1725 | D:3      | Reached XP level 5. HP: 30/33 MP: 5/5
  1902 | D:3      | Mangled by a gnoll

Levels and vault maps discovered:
D:1:      dpeg_arrival_shelter, layout_basic
D:2:      cheibrodos_old_hovel, layout_loops_ring, lemuel_round_altar
D:3:      layout_basic, dancing_weapons_uskayaw, gammafunk_ghost_cemetery,
          first_ration, uniq_jessica

Skill      XL: |  1  2  3  4  5 |
---------------+----------------+-----
Maces & Flails | 3 4 |  4.0
Fighting       | 4 |  4.2
Shields        | 4 |  4.2
Armour         | |  3.2

Action                   |  1- 3 |  4- 6 || total
-------------------------+-------+-------++-------
Melee: Flail             |    75 |    87 ||   162
  Use: Scroll            |     2 |       ||     2
       Potion            |       |     1 ||     1
  Eat: Chunk             |     1 |       ||     1
       Ration            |       |     1 ||     1
Armor: Scale mail        |    42 |       ||    42
       Chain mail        |     5 |    66 ||    71
Dodge: Dodged            |    26 |    25 ||    51
Block: Shield            |    52 |    54 ||   106
